Cogmind - Beta 14 @@@ ROGUE MODE // 2024.12.31 @ 21:43:57 Player: Beef Result: Destroyed by B-75 Beast with Heavy Machine Gun Performance ------------- Evolutions (2) 1000 Regions Visited (4) 800 Robots Destroyed (56) 280 Value Destroyed (1481) 1481 Prototype IDs (3) 60 Alien Tech Used (0) 0 Bonus (304) 304 TOTAL SCORE: 3925 Bonus ------- High Alert Combat Kills 104 Entered Garrisons 200 Cogmind --------- Core Integrity 0/550 Matter 88/300 Energy 141/160 System Corruption 0% Temperature Hot (232) Movement Walking (110) Location -8/Garrison Parts ------- > --- POWER (1) -------- Light Nuclear Core > --- PROPULSION (4) --- Carbon-fiber Leg Carbon-fiber Leg VSS Leg > --- UTILITY (4) ------ Large Storage Unit Targeting Computer > --- WEAPON (2) ------- Minigun Hypervelocity Gauss Cannon > --- INVENTORY (15) --- Light Nuclear Core Light Nuclear Core Heat Sink Beam Rifle Beam Rifle Datajack Katana Peak State ------------ > --- POWER ------------ Nuclear Core > --- PROPULSION ------- Aluminum Leg Aluminum Leg Carbon-fiber Leg Carbon-fiber Leg > --- UTILITY ---------- Improved Heat Sink Large Storage Unit Reaction Control System Hardlight Generator > --- WEAPON ----------- Minigun > --- INVENTORY -------- Nuclear Core Light Nuclear Core Wheel Wheel Compact Wheel Compact Wheel Heat Sink Beam Rifle Beam Rifle Minigun Minigun Gauss Rifle Datajack Katana [Rating: 26] Favorites ----------- Power Nuclear Core Engine Ion Engine Power Core Nuclear Core Propulsion Aluminum Leg Leg Aluminum Leg Wheel Compact Wheel Hover Unit Airjet Utility Small Storage Unit Device Improved Heat Sink Storage Small Storage Unit Processor Targeting Computer Protection Light Armor Plating Weapon Minigun Energy Gun Beam Rifle Ballistic Gun Minigun Ballistic Cannon Hypervelocity Gauss Cannon Slashing Weapon Katana Build | -11 -10 -9 -8 -8 ------- Run | Yrd Mat Mat Mat Gar Slots Evolved 4 | . . 2 2 . Power . | . . . . . Propulsion 2 | . . 2 . . Utility 2 | . . . 2 . Weapon . | . . . . . Parts Attached 83 | 7 4 17 24 31 Power 8 | 1 . 2 2 3 Engine 2 | 1 . 1 . . Core 6 | . . 1 2 3 Reactor . | . . . . . Propulsion 39 | 2 2 12 10 13 Treads . | . . . . . Leg 17 | 2 2 . 4 9 Wheel 10 | . . . 6 4 Hover 12 | . . 12 . . Flight . | . . . . . Utility 14 | 2 . 1 7 4 Device 6 | 1 . 1 2 2 Storage 3 | 1 . . 2 . Processor 1 | . . . . 1 Hackware . | . . . . . Protection 4 | . . . 3 1 Artifact . | . . . . . Weapon 22 | 2 2 2 5 11 Energy Gun 4 | . 2 . 1 1 Energy Cannon . | . . . . . Ballistic Gun 13 | 2 . 2 3 6 Ballistic Cannon 1 | . . . . 1 Launcher . | . . . . . Special Weapon . | . . . . . Impact Weapon . | . . . . . Slashing Weapon 4 | . . . 1 3 Piercing Weapon . | . . . . . Special Melee Weapon . | . . . . . Unidentified Prototypes 1 | . . . 1 . Parts Lost 32 | . . 11 4 17 Power 2 | . . . 1 1 Propulsion 18 | . . 8 . 10 Utility 7 | . . 1 2 4 Weapon 5 | . . 2 1 2 Highest Loss Streak 9 | . . 9 4 6 To Critical Strikes . | . . . . . Average Slot Usage (%) 85 | . 100 93 75 81 Engine 4 | . 14 9 . . Core 5 | . . 1 7 8 Leg 15 | . 28 . 8 22 Wheel 10 | . . . 22 11 Hover 7 | . . 39 . . Device 11 | . 14 10 9 11 Storage 10 | . 14 11 8 9 Protection 1 | . . . 4 . Energy Gun 4 | . 6 18 . . Ballistic Gun 12 | . 21 1 13 12 Slashing Weapon 1 | . . . 1 2 Peak Build Rating 26 | 9 12 22 24 26 Average Rating 16 | 5 9 18 18 21 On Entrance 11 | . 9 12 12 23 Naked Turns 5 | . . . 5 . Heaviest Build 42 | 14 17 19 42 37 Greatest Support 52 | 20 20 32 52 52 Greatest Overweight (x) 5 | . . 5 2 . Average Overweight (x) . | . . . . . Largest Inventory Capacity 15 | 8 8 8 15 15 Average Capacity 11 | 7 8 8 11 15 Most Carried 14 | 2 8 8 14 14 Average Carried 8 | 1 4 7 9 11 Final Capacity 15 | 8 8 8 15 15 Final Carried 14 | 2 8 8 14 7 Class Distribution -------------------- 62% | Mutant 37% | Scavenger-Mutant Dominant Class ---------------- Mutant | -10/Materials Mutant | -9/Materials Scavenger-Mutant | -8/Materials Scavenger-Mutant | -8/Garrison Resources | -11 -10 -9 -8 -8 ----------- Run | Yrd Mat Mat Mat Gar Matter Collected 1667 | 309 205 130 490 533 Remotely . | . . . . . Salvage Created 2001 | 125 308 317 566 685 Parts 118 | 9 23 15 28 43 Haulers Intercepted 2 | . . 1 1 . Recyclers Shooed 1 | . 1 . . . Parts Field Recycled . | . . . . . Retrieved Matter . | . . . . . Parts Self-Destructed . | . . . . . Prevented . | . . . . . Kills | -11 -10 -9 -8 -8 ------- Run | Yrd Mat Mat Mat Gar Combat Hostiles Destroyed 43 | . 9 8 7 19 Guns 41 | . 9 6 7 19 Classes Destroyed 12 | 3 3 1 3 2 Worker 3 | 1 1 . 1 . Builder 2 | . 1 1 . . Tunneler 3 | 2 . 1 . . Hauler 2 | . . 1 1 . Recycler 2 | 1 . . 1 . Watcher 1 | . . . 1 . Swarmer 14 | . 3 3 . 8 Grunt 20 | . 6 5 3 6 Duelist 1 | . . . . 1 Sentry 5 | . . . 3 2 Specialist 1 | . . . . 1 Hunter 2 | . . . 1 1 Best Kill Streak 10 | 2 5 4 4 10 Combat Bots Only 10 | . 5 4 4 10 Max Kills in Single Turn 1 | 1 1 1 1 1 Gunslinging . | . . . . . Exploded . | . . . . . Melee . | . . . . . Uniques/NPCs Destroyed . | . . . . . Combat | -11 -10 -9 -8 -8 -------- Run | Yrd Mat Mat Mat Gar Hostile Shots Fired 475 | . 37 125 38 275 Missed 145 | . 13 41 8 83 Damage Taken 3871 | . 237 923 385 2326 Core 774 | . 28 185 84 477 Absorbed by Shields 404 | . . . 68 336 Core Remaining (%) 80 | 100 88 53 . . Volleys Fired 202 | 12 42 36 34 78 Largest 2 | 2 2 2 2 2 Hottest 112 | 40 112 112 50 86 Shots Fired 371 | 24 84 71 65 127 Gun 363 | 24 84 71 65 119 Cannon 8 | . . . . 8 Launcher . | . . . . . Special . | . . . . . Kinetic 289 | 24 78 . 65 122 Thermal 82 | . 6 71 . 5 Explosive . | . . . . . Electromagnetic . | . . . . . Robot Hit Streak 19 | 3 9 11 9 19 Robot Miss Streak 5 | 2 4 5 3 4 Penetration Max 1 | . . . . 1 Secondary Targets 5 | . 1 2 . 2 Max Gunslinging Chain 1 | . 1 1 . 1 Shots Hit Robots 240 | 17 45 42 44 92 Core Hits 91 | 7 19 11 18 36 Critical Kills 1 | 1 . . . . Critical Parts Destroyed 2 | . . . . 2 Critical Strikes 8 | 1 . 5 . 2 Burn 5 | . . 5 . . Destroy 3 | 1 . . . 2 Melee Attacks 14 | . . . 1 13 Impact . | . . . . . Slashing 14 | . . . 1 13 Piercing . | . . . . . Sneak Attacks 1 | . . . 1 . Combat Hostiles . | . . . . . Follow-up Attacks . | . . . . . Damage Inflicted 3698 | 166 553 561 787 1631 Guns 3448 | 166 553 561 719 1449 Cannons 153 | . . . . 153 Explosions . | . . . . . Melee 97 | . . . 68 29 Ramming . | . . . . . Kinetic 2907 | 166 493 . 719 1529 Thermal 694 | . 60 561 . 73 Explosive . | . . . . . Electromagnetic . | . . . . . Impact . | . . . . . Slashing 97 | . . . 68 29 Piercing . | . . . . . Highest Corruption . | . . . . . Average Corruption . | . . . . . Corruption Purged . | . . . . . Corruption Blocked . | . . . . . Overload Shots . | . . . . . Overflow Damage 28 | . . . 28 . Projectiles . | . . . . . Explosions . | . . . . . Melee 28 | . . . 28 . Knockbacks . | . . . . . Impact . | . . . . . Kinetic . | . . . . . Secondary . | . . . . . Self-Inflicted Damage . | . . . . . Shots . | . . . . . Rammed . | . . . . . Targets Rammed . | . . . . . Kicked . | . . . . . Crushed . | . . . . . Highest Temperature 391 | . 108 391 37 309 Average Temperature 93 | . 25 136 10 104 Received Heat Transfer 1448 | . 96 414 123 815 Effects 2 | . . 1 . 1 Shutdowns 1 | . . 1 . . Energy Bleed 1 | . . . . 1 Siege Activations . | . . . . . Robots Corrupted . | . . . . . Combat Hostiles . | . . . . . Parts Fried . | . . . . . Impact Corruptions . | . . . . . Robots Melted 2 | . . 2 . . Combat Hostiles 2 | . . 2 . . Parts Melted 4 | . . 4 . . Heat Transferred 2146 | . 148 1813 . 185 Parts Sabotaged . | . . . . . Parts Stolen . | . . . . . Parts Stripped . | . . . . . Power Chain Reactions . | . . . . . Alert | -11 -10 -9 -8 -8 ------- Run | Yrd Mat Mat Mat Gar Peak Influence 433 | 20 258 398 426 433 Initial 150 | . 13 108 150 140 Average 235 | 6 150 224 257 339 Maximum Alert Level 2 | . 1 1 2 2 Low Security (%) 41 | 100 66 52 22 19 Level 1 39 | . 33 47 56 39 Level 2 18 | . . . 20 41 Level 3 . | . . . . . Level 4 . | . . . . . Level 5 . | . . . . . High Security . | . . . . . Max Security . | . . . . . Squads Dispatched 9 | . 4 4 1 . Investigation 4 | . 1 2 1 . Extermination . | . . . . . Reinforcement 5 | . 3 2 . . Assault . | . . . . . Garrison . | . . . . . Intercept . | . . . . . Searches Triggered . | . . . . . Construction Impeded 1 | . . 1 . . Haulers Reinforced . | . . . . . Active Scanning Responses . | . . . . . Cargo Convoy Interrupts . | . . . . . Stealth | -11 -10 -9 -8 -8 --------- Run | Yrd Mat Mat Mat Gar Distress Signals 4 | . 1 3 . . Communications Jammed . | . . . . . Distress Signals . | . . . . . Times Spotted 66 | . 14 23 9 20 Peak Tracking Total 11 | . 5 11 6 9 Tactical Retreats 3 | . . 3 . . Traps | -11 -10 -9 -8 -8 ------- Run | Yrd Mat Mat Mat Gar Traps Triggered . | . . . . . Indirectly . | . . . . . Trap Hack Attempts . | . . . . . Triggered . | . . . . . Disarmed . | . . . . . Reprogrammed . | . . . . . Reused . | . . . . . Traps Extracted . | . . . . . Installed . | . . . . . Triggered . | . . . . . Machines | -11 -10 -9 -8 -8 ---------- Run | Yrd Mat Mat Mat Gar Machines Disabled 5 | . . 1 2 2 Max in Single Turn 1 | . . 1 1 1 Machines Repaired . | . . . . . Machines Dismantled . | . . . . . Machines Sabotaged . | . . . . . Overloaded Fab Kills . | . . . . . Hacking | -11 -10 -9 -8 -8 --------- Run | Yrd Mat Mat Mat Gar Machines Accessed 10 | . 1 3 5 1 Terminals 8 | . 1 3 3 1 Fabricators . | . . . . . Repair Stations . | . . . . . Recycling Units . | . . . . . Scanalyzers 1 | . . . 1 . Garrison Access 1 | . . . 1 . Total Hacks 24 | . 2 10 11 1 Successful 11 | . . 5 6 . Failed 13 | . 2 5 5 1 Catastrophic 4 | . . 3 . 1 Database Lockouts . | . . . . . Manual 12 | . 2 5 5 . Terminals 19 | . 2 10 6 1 Fabricators . | . . . . . Repair Stations . | . . . . . Recycling Units . | . . . . . Scanalyzers 4 | . . . 4 . Garrison Access 1 | . . . 1 . Terminal Hacks 3 | . . 3 . . Prototype ID Bank 1 | . . 1 . . Terminal Index 1 | . . 1 . . Alert Level 1 | . . 1 . . Fabricator Hacks . | . . . . . Repair Station Hacks . | . . . . . Recycling Unit Hacks . | . . . . . Scanalyzer 4 | . . . 4 . Insert Component 2 | . . . 2 . Analyze 2 | . . . 2 . Garrison Access Hacks 1 | . . . 1 . Unlock Access 1 | . . . 1 . Unauthorized Hacks 3 | . . 2 1 . Terminals 3 | . . 2 1 . Assimilate 1 | . . 1 . . Botnet 2 | . . 1 1 . Fabricators . | . . . . . Repair Stations . | . . . . . Recycling Units . | . . . . . Scanalyzers . | . . . . . Garrison Access . | . . . . . Data Cores Recovered . | . . . . . Used . | . . . . . Hacking Detections 9 | . 1 3 4 1 Full Trace Events 4 | . 1 2 1 . Feedback Events . | . . . . . Feedback Blocked . | . . . . . Robot Schematics Acquired . | . . . . . Robots Built . | . . . . . Authchips . | . . . . . Time . | . . . . . Total Robot Build Rating . | . . . . . Part Schematics Acquired 2 | . . . 2 . Parts Built . | . . . . . Authchips . | . . . . . Time . | . . . . . Total Part Build Rating . | . . . . . Parts Repaired . | . . . . . Time . | . . . . . Parts Recycled . | . . . . . Recycled Matter . | . . . . . Retrieved Matter . | . . . . . Retrieved Components . | . . . . . Parts Scanalyzed 2 | . . . 2 . Part Schematics Acquired 2 | . . . 2 . Parts Damaged . | . . . . . Bothacking | -11 -10 -9 -8 -8 ------------ Run | Yrd Mat Mat Mat Gar Used RIF Installer . | . . . . . Robots Hacked . | . . . . . Non-combat . | . . . . . Combat . | . . . . . Robot Hacks Applied . | . . . . . Relay Couplers Released . | . . . . . Fabnet Peak Effective % . | . . . . . Robots Rewired . | . . . . . Allies Hacked . | . . . . . Hacks Repelled . | . . . . . Allies | -11 -10 -9 -8 -8 -------- Run | Yrd Mat Mat Mat Gar Total Allies . | . . . . . Largest Group . | . . . . . Highest-Rated Group . | . . . . . Highest-Rated Ally . | . . . . . Total Orders . | . . . . . Ally Attacks . | . . . . . Total Damage . | . . . . . Kills . | . . . . . Allies Corrupted . | . . . . . Allies Melted . | . . . . . Intel | -11 -10 -9 -8 -8 ------- Run | Yrd Mat Mat Mat Gar Robot Analysis Total . | . . . . . Derelict Logs Recovered . | . . . . . Drone Launches . | . . . . . Drone Recoveries . | . . . . . Exploration | -11 -10 -9 -8 -8 ------------- Run | Yrd Mat Mat Mat Gar Turns Passed 1812 | 183 310 297 429 593 Spaces Moved 1040 | 119 142 199 275 305 Core 23 | 8 . 1 14 . Treads . | . . . . . Legs 474 | 111 142 . 67 154 Wheels 345 | . . . 194 151 Hover 198 | . . 198 . . Flight . | . . . . . Fastest Speed 48 | 50 120 48 50 90 Average Speed 96 | 115 120 55 98 104 Slowest Speed 300 | 120 120 300 150 120 Overloaded Moves . | . . . . . Propulsion Burnouts . | . . . . . Robots Hopped . | . . . . . Cave-ins Triggered . | . . . . . Exploration Rate (%) 22 | 6 26 17 21 42 Regions Visited 4 Branch Regions . Pre-discovered Areas . | . . . . . Known Exits Taken 1 | . . . 1 . Unknown Exits Taken 3 | 1 1 1 . . Scrap Searched . | . . . . . Spaces Dug 3 | . . . . 3 Terrain Destroyed 3 | . . . . 3 Melee 3 | . . . . 3 Projectile . | . . . . . AOE . | . . . . . Terrain Rammed . | . . . . . Walls Destroyed . | . . . . . Machines Disabled . | . . . . . Actions | -11 -10 -9 -8 -8 --------- Run | Yrd Mat Mat Mat Gar Total 1485 | 139 207 312 380 447 Wait 70 | . 4 47 17 2 Move 1036 | 118 141 198 274 305 Hop . | . . . . . Pick Up 46 | 2 10 9 14 11 Fast Attach 25 | 7 . 2 11 5 Attach 24 | . . 6 5 13 Detach 4 | . . . 3 1 Swap 34 | . 4 9 8 13 Drop 30 | . 6 5 13 6 Fire 202 | 12 42 36 34 78 Melee 14 | . . . 1 13 Ram . | . . . . . Kick . | . . . . . Crush . | . . . . . Escape Stasis . | . . . . . Rewire . | . . . . . Trap . | . . . . . Miscellaneous . | . . . . . Route ------- -11/Scrapyard -10/Materials -9/Materials -8/Materials (discovered 2 exits: [*Fac] / Gar) -8/Garrison (discovered 1 exit: [*Mat]) History --------- Turn | Location | Event 3 | -11/Scrapyard | Discovered new exit (range 15) 184 | -11/Scrapyard | Entered Materials 306 | -10/Materials | Build established: Mutant 372 | -10/Materials | Discovered new exit (range 15) 494 | -10/Materials | Entered another Materials area 494 | -9/Materials | Evolved 2 slots: Propulsion x2 761 | -9/Materials | Discovered new exit (range 14) 791 | -9/Materials | Entered another Materials area 791 | -8/Materials | Evolved 2 slots: Utility x2 822 | -8/Materials | Lost 9 parts (6n1u2w) 1146 | -8/Materials | Lost 4 parts (1p2u1w) 1160 | -8/Materials | Discovered new exit (range 3) 1219 | -8/Materials | Identified exit to Garrison 1220 | -8/Materials | Entered Garrison 1254 | -8/Garrison | Triggered checkpoint 1328 | -8/Garrison | Triggered checkpoint 1355 | -8/Garrison | Triggered checkpoint 1421 | -8/Garrison | Destroyed 10 combat bots 1429 | -8/Garrison | Lost 6 parts (4n2u) 1622 | -8/Garrison | Discovered new exit (range 11) 1684 | -8/Garrison | Core integrity fell below 50% 1733 | -8/Garrison | Lost 5 parts (1p3n1w) 1756 | -8/Garrison | Spotted B-75 Beast 1786 | -8/Garrison | Core integrity fell below 20% 1813 | -8/Garrison | Destroyed by B-75 Beast with Heavy Machine Gun Last Messages --------------- 01777_ B-75 Beast suffers critical hit (Burn). 01779_ Knocked back. 01782_ Imp. Heat Sink destroyed. 01782_ Y-45 Defender destroyed. 01782_ Switching to secondary target: B-75 Beast. 01785_ Aluminum Leg destroyed. 01785_ Knocked back. 01786_ Acquired 6 matter. 01789_ Acquired Hyp. Gauss Cannon. 01791_ Knocked back. 01795_ HV Slug penetrates B-75 Beast. 01800_ B-75 Beast suffers critical hit (Destroy). 01800_ Destroyed Imp. Medium Treads. 01800_ HV Slug penetrates B-75 Beast. 01804_ Lgt. Armor Plating destroyed. 01806_ HV Slug penetrates B-75 Beast. 01806_ B-75 Beast suffers critical hit (Destroy). 01806_ Destroyed Hvy. Plasma Cannon. 01809_ HV Slug penetrates B-75 Beast. 01812_ Overheating: Energy bleed (-33). Map ----- +----------------------------------------------------+ | ????????????????????# ## #????????????????? | | ????????????????????#### ##### #????????????????? | | ???????????????????????# #???# #????????????????? | | ???????????????????????# #???# #????????????????? | | ??????##################+##############??????????? | | ?????? ?????????? | | ????????? ?????????? | | ????????????""#### ?????????? | | ?????????????????# ##################??????????? | | ?????????????????# #???????# #????????????????? | | ?????????????????# #???????# #????????????????? | | ?????????????????# #???????# #????????????????? | | ?????????????????# #???????# #????????????????? | | ?????????????????# #???????# #????????????????? | | ?????????????????# /#???????# #????????????????? | | ?????????????????# * #???????# #????????????????? | | ?????????????????# ==#???????# #????????????????? | | ?????????????????#==*#?????### ##???????????????? | | ?????????????????# ! #?????# # #???????????????? | | ?????????????????#! *########" ########?????????? | | ??????####""""####[ " !" ^ #?????????? | | ???# "%######### ###### #?????????? | | ???# "#?????## #????????????????? | | ??????############ #??####%#######?????????????? | | ?????????????????# #??# %%!%" """#?????????????? | | ?????????????????# ####@ !BB]= "#?????????????? | | ??????############ ##%%%=[BB[= ""#?????????????? | | ??????# ; % *###%= ="#?????????????? | | ??????# < # % #?? !!"#?????????????? | | ??????# ## #?? ^"#?????????????? | | ??????################# #??# !"#?????????????? | | ??????????????????????# ?? ""#?????????????? | | ??????????????????????###"=[??]="""#?????????????? | | ????????????????????????#""""?"""""#?????????????? | | ????????????????????????#####?#####??????????????? | | ?????????????????????????????????????????????????? | | ?????????????????????????????????????????????????? | | ?????????????????????????????????????????????????? | | ?????????????????????????????????????????????????? | | ?????????????????????????????????????????????????? | | | | | | | | | | | | | | | | | | | | | +----------------------------------------------------+ Best States ------------- Heat Dissipation 45 Energy Generation 14 Energy Capacity 250 Matter Stores 300 Matter Capacity 300 Sight Range 16 Terrain Scan Range 16 Terrain Scan Density 10 Armor Coverage 150 Evasion (%) 63 Targeting Accuracy 5 Item Schematics ----------------- Carbon-fiber Leg | -8/Materials | Scanalyzed Nuclear Core | -8/Materials | Scanalyzed Robot Schematics ------------------ None Fabricated ------------ Nothing Alien Tech Used ----------------- None Achievements -------------- None Challenges ------------ None Game ------ Seed ActuatorHeartRedistributor Manual? 0 Play Time 00:16:47 Cumulative 139.5 hours Start 2024.12.31 @ 21:29:05 End 2024.12.31 @ 21:43:57 Sessions 1 Manual Loads 0 Difficulty Rogue Special Mode None Game No. 157 Rogue 157 Adventurer 0 Explorer 0 Win Type - Total 3 Types 2/0/1/0/0/0/0/0/0 Lore% 62 Gallery% 68 Achievement% 52 Wizard Run 0 Options --------- Layout 0 ASCII 0 Keyboard 1 Movement Numpad Keybinds 0 Fullscreen 2 Font 18/SmallcapsGlow Map View 76x50 Zoom Use 0% Tactical HUD 1 Map Filters NONE Filters NONE Steam 1 RUN: b355bc77-cb95-4060-b7de-44757ce4d89f